 Dungeon Crawl Stone Soup version 0.18.1-8-gdd0e5ea (webtiles) character file.

116 Crag the Insei (level 5, -3/46 HPs)
             Began as a Naga Transmuter on May 29, 2016.
             Slain by a gnoll
             ... wielding a cursed +0 spear
              (8 damage)
             ... on level 2 of the Dungeon.
             The game lasted 00:09:02 (2858 turns).

Crag the Insei (Naga Transmuter)                    Turns: 2858, Time: 00:09:03

Health: -3/46      AC:  3    Str: 12    XL:     5   Next: 1%
Magic:  6/8        EV: 10    Int: 14    God:
Gold:   91         SH:  0    Dex: 12    Spells: 1 memorised, 7 levels left

rFire  + . .     SeeInvis +       - Unarmed
rCold  + . .     Gourm    .     b - +1 robe
rNeg   . . .     Faith    .     (no shield)
rPois  +         Spirit   .     (no helmet)
rElec  +         Dismiss  .     (no cloak)
rCorr  +         Reflect  .     (no gloves)
SustAt .         Harm     .     (no barding)
MR     .....                    (no amulet)
Stlth  +.........               (no ring)
                                (no ring)

@: appendage (expiring), resistant, very slow, not resistant to hostile
enchantments, very unstealthy
A: horns 2, see invisible, deformed body, poison resistance, slowness 2, slow
metabolism 1, spit poison 2, AC +1
a: Spit Poison, End Transformation


You were on level 2 of the Dungeon.
You were hungry.
You had grown temporary horns.
You visited 1 branch of the dungeon, and saw 2 of its levels.

You collected 91 gold pieces.

Inventory:

Missiles
 a - 12 arrows
Armour
 b - a +1 robe (worn)
 l - a +0 leather armour
 n - a +0 chain mail
Scrolls
 e - a scroll of teleportation {unknown}
 h - 4 scrolls of identify {unknown}
 o - a scroll of enchant weapon {unknown}
Potions
 j - a potion of cancellation {unknown}
 k - a potion of invisibility {unknown}
Books
 c - a book of Changes

   Spells                             Type                      Level
   a - Beastly Appendage              Transmutation                1
   b - Sticks to Snakes               Transmutation                2
   c - Spider Form                    Transmutation/Poison         3
   d - Ice Form                       Ice/Transmutation            4
   e - Blade Hands                    Transmutation                5
Comestibles
 d - 2 bread rations
 f - a slice of pizza


   Skills:
 + Level 2.4 Fighting
 - Level 1.5 Dodging
 - Level 5.0 Unarmed Combat
 - Level 2.0 Spellcasting
 - Level 2.0 Transmutations


You had 7 spell levels left.
You knew the following spells:

 Your Spells              Type           Power        Failure   Level  Hunger
a - Beastly Appendage     Trmt           #.....       12%         1    ##.....


Dungeon Overview and Level Annotations

Branches:
Dungeon (2/15)

Altars:


Innate Abilities, Weirdness & Mutations

You cannot wear boots.
Your serpentine skin is tough (AC +1).
You have supernaturally acute eyesight.
Armour fits poorly on your strangely shaped body.
Your system is resistant to poisons.
You cover ground very slowly.
You have a slow metabolism.
You can spit poison.
You have a pair of horns on your head.


Message History

As you read the scroll labeled YSKIWU ZUKEEXT, it crumbles to dust.
It is a scroll of enchant armour.
Enchant which item? (? for menu, Esc to quit)
Your +0 robe glows green for a moment.
The gnoll barely misses you. x2
Drink which item? (? for menu, Esc to quit)
It was a potion of resistance.
You feel protected. The gnoll hits you but does no damage.
The gnoll hits you from afar with a spear.
* * * LOW HITPOINT WARNING * * *
You hit the gnoll.
The gnoll is lightly wounded.
You hit the gnoll. You headbutt the gnoll!
You kill the gnoll!
You have reached level 5!
You are feeling hungry.
The gnoll hits you but does no damage.
Your transformation is almost over.
The gnoll hits you with a spear!
You die...

#.........####...##
'.........')......#
#.........####...##
##.......## #..##
##.....## #.##
##>..## #.# ##+#
#.### #..)# ###@#
#g# #.# #.# ..# ###


You could see a gnoll.

Vanquished Creatures
  Ijyb (D:2)
  2 gnolls (D:2)
  4 adders
  An ooze (D:2)
  4 dart slugs
  A giant gecko (D:2)
  A ball python (D:2)
  4 giant cockroaches (D:1)
  2 goblins (D:2)
  2 hobgoblins
  3 jackals
  A quokka (D:2)
  A bat (D:1)
  4 giant newts
  5 kobolds
  2 rats (D:1)
38 creatures vanquished.

Vanquished Creatures (others)
  A killer bee (D:2)
  A goblin (D:2)
  A giant newt (D:2)
3 creatures vanquished.

Grand Total: 41 creatures vanquished

Notes
Turn   | Place    | Note
--------------------------------------------------------------
     0 | D:1      | Crag the Naga Transmuter began the quest for the Orb.
     0 | D:1      | Reached XP level 1. HP: 18/18 MP: 3/3
   704 | D:1      | Reached XP level 2. HP: 18/25 MP: 1/5
  1468 | D:1      | Reached skill level 4 in Unarmed Combat
  1468 | D:1      | Reached XP level 3. HP: 26/31 MP: 4/6
  1853 | D:2      | Noticed Ijyb
  1887 | D:2      | Killed Ijyb
  1982 | D:2      | Reached XP level 4. HP: 22/38 MP: 7/7
  2335 | D:2      | Reached skill level 5 in Unarmed Combat
  2857 | D:2      | Reached XP level 5. HP: 5/46 MP: 6/8
  2858 | D:2      | Slain by a gnoll

Skill      XL: |  1  2  3  4 |
---------------+-------------+-----
Unarmed Combat | 4 5 |  5.0
Fighting       | 2 |  2.4
Dodging        | |  1.5
Spellcasting   | |  2.0
Transmutations | |  2.0

Action                   |  1- 3 |  4- 6 || total
-------------------------+-------+-------++-------
Melee: Unarmed           |    84 |    53 ||   137
       Headbutt          |     7 |     9 ||    16
       Punch             |     2 |     1 ||     3
 Cast: Beastly Appendage |    17 |    10 ||    27
 Abil: Spit Poison       |    10 |     1 ||    11
  Use: Potion            |       |     3 ||     3
       Scroll            |       |     1 ||     1
 Stab: Sleeping          |       |     1 ||     1
  Eat: Chunk             |     2 |     3 ||     5
Armor: Robe              |     9 |     3 ||    12
Dodge: Dodged            |    41 |    37 ||    78
